 Dungeon Crawl Stone Soup version 0.23.2-30-g0e89c35649 (webtiles) character file.

Game seed: 5698882186433128060

12700 Hivemind the Thaumaturge (level 11, -2/64 HPs)
             Began as a Deep Elf Conjurer on June 9, 2019.
             Was a Priest of Qazlal.
             Slain by a hippogriff (5 damage)
             ... on level 3 of the Lair of Beasts.
             The game lasted 01:38:16 (11290 turns).

Hivemind the Thaumaturge (Deep Elf Conjurer)       Turns: 11290, Time: 01:38:17

Health: -2/64      AC:  5    Str:  5    XL:     11   Next: 65%
Magic:  8/38       EV: 21    Int: 22    God:    Qazlal [***...]
Gold:   577        SH:  4    Dex: 17    Spells: 19/35 levels left

rFire    . . .     SeeInvis .   i - +3 flail (holy)
rCold    . . .     Gourm    .   (no shield)
rNeg     . . .     Faith    .   B - +0 robe
rPois    .         Spirit   .   G - +0 helmet
rElec    .         Reflect  .   y - scarf {repulsion}
rCorr    .         Harm     .   a - +1 pair of gloves
MR       +....                  (no boots)
Stlth    ++........             v - amulet of magic regeneration
HPRegen  0.20/turn              j - ring of magical power
MPRegen  0.51/turn              C - ring of stealth

@: repel missiles
A: no striking features
a: Upheaval, Elemental Force, Renounce Religion


You were on level 3 of the Lair of Beasts.
You worshipped Qazlal.
Qazlal was most pleased with you.
You were not hungry.

You visited 3 branches of the dungeon, and saw 12 of its levels.

You collected 577 gold pieces.

Inventory:

Hand Weapons
 i - a +3 flail of holy wrath (weapon)
Missiles
 n - 4 tomahawks of returning
 A - 2 tomahawks (quivered)
Armour
 a - a +1 pair of gloves (worn)
 g - a scarf of resistance
 u - a scarf of spirit shield
 y - a scarf of repulsion (worn)
 B - a +0 robe (worn)
 G - a +0 helmet (worn)
Jewellery
 j - a ring of magical power (left hand)
 r - an uncursed ring of wizardry
 v - an amulet of magic regeneration (around neck)
 C - a ring of stealth (right hand)
 L - an uncursed ring of see invisible {unknown}
 Q - an uncursed ring of positive energy {unknown}
Wands
 x - a wand of scattershot (11)
 D - a wand of digging (5)
 J - a wand of paralysis (4)
 K - a wand of flame (25)
 O - a wand of polymorph (7)
Scrolls
 b - 3 scrolls of teleportation
 d - 2 scrolls of enchant weapon
 h - 2 scrolls of remove curse
 o - a scroll of enchant armour {unknown}
 p - 2 scrolls of fog {unknown}
 q - 3 scrolls of amnesia {unknown}
 z - a scroll of summoning {unknown}
 E - 2 scrolls of fear {unknown}
 I - a scroll of silence {unknown}
 M - a scroll of magic mapping
 N - 2 scrolls of identify
Potions
 k - 4 potions of curing
 l - a potion of agility {unknown}
 m - 3 potions of haste
 s - 2 potions of lignification {unknown}
 t - 2 potions of might {unknown}
 w - 2 potions of brilliance {unknown}
 F - a potion of invisibility {unknown}
 H - a potion of cancellation {unknown}
 P - a potion of berserk rage {unknown}
Comestibles
 c - 14 rations


   Skills:
 + Level 5.5 Fighting
 + Level 11.8 Dodging
 - Level 2.4 Stealth
 + Level 12.7 Spellcasting
 + Level 11.8 Conjurations
 - Level 4.0 Hexes
 + Level 1.3 Invocations


You had 19 spell levels left.
You knew the following spells:

 Your Spells              Type           Power        Failure   Level  Hunger
a - Magic Dart            Conj           ####         1%          1    None
b - Dazzling Spray        Conj/Hex       #####.       1%          3    None
c - Iskenderun's Mystic   Conj           ######..     1%          4    None
d - Fulminant Prism       Conj/Hex       #####.....   1%          4    None
e - Force Lance           Conj/Tloc      #####...     4%          4    None

Your spell library contained the following spells:

 Spells                   Type           Power        Failure   Level  Hunger
 Searing Ray              Conj           ######       1%          2    None
 Summon Small Mammal      Summ           ##..         4%          1    None
 Summon Guardian Golem    Hex/Summ       ###.....     6%          3    None
 Call Imp                 Summ           ##......     7%          2    None
 Call Canine Familiar     Summ           ##......     14%         3    None
 Summon Ice Beast         Ice/Summ       ##......     41%         4    None
 Summon Lightning Spire   Summ/Air       ##......     41%         4    None


Dungeon Overview and Level Annotations

Branches:
Dungeon (8/15)             Temple (1/1) D:5            Lair (3/6) D:8
  Snake (0/4) Lair:2
  Swamp: Lair:2-4    Shoals: Lair:2-4

Altars:
Ashenzari
Cheibriados
Dithmenos
Gozag
Hepliaklqana
Kikubaaqudgha
Makhleb
Nemelex Xobeh
Okawaru
Qazlal
Ru
Sif Muna
Trog
Uskayaw
Vehumet
Wu Jian
Xom
Yredelemnul
Zin
The Shining One
Beogh

Shops:
D:7 ?

Annotations:
D:2 exclusion: downstairs
D:3 Grinder
D:4 3 runed translucent doors, exclusion: black bear, Sondor's ghost, amateur DsCK
D:8 2 transporters, Grum; KristianNielsen's ghost, novice HOBe
Lair:1 1 runed translucent door, exclusions: door and 2 more exclusions
Lair:2 exclusion: downstairs


Message History

The wolf closely misses you. The killer bee completely misses you.
A hippogriff comes into view.
You block the wolf's attack. The killer bee closely misses you.
You hear a screech!
The wolf barely misses you. The killer bee closely misses you.
A hippogriff comes into view.
The wolf closely misses you. The killer bee completely misses you.
You hear a screech!
You block the wolf's attack.
The hippogriff screeches!
The wolf stops to sniff the ground.
You block the wolf's attack. The killer bee completely misses you.
The wolf completely misses you. The killer bee stings you.
* * * LOW HITPOINT WARNING * * *
The hippogriff bites you.
* * * LOW HITPOINT WARNING * * *
The hippogriff pecks you.
You die...

#############.## #
.###.###.#.#.##.#.#...###.##.#
.......H*.....................
....†..####....#....#y.#.####.
....... ##.#.#.#...#####.#
..#.#.. #.....##...## .. . #
... #.....#F....# ...
#...##....Hyh.○.## ....##
#P........@P#.H..# .#..#. #..
##...#.....##<...# #####..#
..####.
....#..####....###.#P#.##
.....l. ..####.
#.............. .......
.................... .......
..................... .......
.. ................... .......
... ...................
.y..... ...................


You could see a hippogriff, a spiny frog, a wolf and a killer bee.

Vanquished Creatures
  2 hydras
  A two-headed ogre (D:8)
  Pikel (D:7)
  4 black mambas
  2 komodo dragons
  5 spiny frogs
  A rime drake (Lair:1)
  A hippogriff (Lair:3)
  2 basilisks
  2 wargs
  5 water moccasins
  4 nagas (Lair:2)
  4 porcupines
  2 orc warriors (D:8)
  A phantom (D:5)
  A black bear (D:8)
  11 wolves
  An ogre (D:5)
  5 centaurs
  3 crocodiles
  11 bullfrogs
  2 scorpions
  15 killer bees (Lair:3)
  A crimson imp (D:7)
  A centaur zombie (D:8)
  2 jellies
  7 orc priests
  7 orc wizards
  3 bullfrog skeletons
  4 hounds
  A centaur skeleton (D:7)
  3 iguanas
  2 worker ants
  A hound zombie (D:5)
  A hound skeleton (D:5)
  12 adders
  3 gnolls
  A shadow imp (D:5)
  An ooze (D:4)
  An adder zombie (D:8)
  3 worms (D:2)
  3 dart slugs
  5 leopard geckos
  25 orcs
  10 bats
  3 giant cockroaches
  8 goblins
  3 hobgoblins
  7 kobolds
  4 quokkas
  2 ball pythons
  7 frilled lizards
  2 quokka zombies (D:8)
  9 rats
  25 fulminant prisms
  2 fungi
255 creatures vanquished.

Vanquished Creatures (others)
  A wizard (D:3)
  A spiny frog (Lair:2)
  3 nagas (Lair:2)
  A porcupine (Lair:2)
  2 wolves (Lair:2)
  A bullfrog (Lair:1)
  An orc priest (D:7)
  2 orcs (D:7)
  81 fulminant prisms
  6 fungi
  5 toadstools (Lair:1)
104 creatures vanquished.

Grand Total: 359 creatures vanquished

Notes
Turn   | Place    | Note
-------+----------+-------------------------------------------
     0 | D:1      | Hivemind the Deep Elf Conjurer began the quest for the Orb.
     0 | D:1      | Reached XP level 1. HP: 10/10 MP: 6/6
   213 | D:1      | Reached XP level 2. HP: 15/15 MP: 4/8
   826 | D:1      | Reached XP level 3. HP: 19/19 MP: 5/10
  1058 | D:2      | Reached skill level 4 in Spellcasting
  1115 | D:2      | Reached skill level 5 in Conjurations
  1129 | D:1      | Reached XP level 4. HP: 24/24 MP: 1/12
  1335 | D:2      | Found a snail-covered altar of Cheibriados.
  1800 | D:2      | Reached XP level 5. HP: 28/28 MP: 10/14
  2069 | D:3      | Found a transporter.
  2148 | D:3      | Noticed Grinder
  2220 | D:3      | Found a transporter.
  2229 | D:3      | Found a bloodstained altar of Trog.
  2283 | D:3      | Reached skill level 5 in Spellcasting
  2288 | D:3      | Learned a level 3 spell: Dazzling Spray
  2293 | D:3      | Learned a level 4 spell: Iskenderun's Mystic Blast
  2448 | D:3      | Found a bloodstained altar of Trog.
  2449 | D:3      | Noticed a wizard
  2454 | D:3      | Killed a wizard
  2835 | D:3      | Paralysed by Grinder for 5 turns
  2976 | D:4      | Reached XP level 6. HP: 32/32 MP: 15/16
  3054 | D:4      | Found a runed translucent gate.
  3054 | D:4      | Noticed Sondor's ghost (amateur DsCK)
  3055 | D:4      | Found a runed translucent gate.
  3056 | D:4      | Found a runed translucent gate.
  3057 | D:4      | Identified the +7 mace of Gallantry {crush, Int+5}
  3523 | D:4      | Reached skill level 6 in Spellcasting
  3793 | D:4      | Found a roughly hewn altar of Beogh.
  3831 | D:5      | Entered Level 5 of the Dungeon
  3946 | D:5      | Reached skill level 1 in Hexes
  4074 | D:5      | Reached skill level 5 in Dodging
  4121 | D:5      | Reached XP level 7. HP: 35/36 MP: 18/18
  4198 | D:5      | Found a staircase to the Ecumenical Temple.
  4208 | Temple   | Entered the Ecumenical Temple
  4541 | D:5      | Found a shadowy altar of Dithmenos.
  4542 | D:5      | Found a stormy altar of Qazlal.
  4544 | D:5      | Found a deep blue altar of Sif Muna.
  4544 | D:5      | Found a sacrificial altar of Ru.
  4546 | D:5      | Found an opulent altar of Gozag.
  4546 | D:5      | Found a shimmering altar of Xom.
  4552 | D:5      | Found a basalt altar of Yredelemnul.
  4555 | D:5      | Became a worshipper of Qazlal Stormbringer
  4589 | D:5      | Learned a level 4 spell: Fulminant Prism
  5419 | D:6      | Reached XP level 8. HP: 41/41 MP: 20/20
  5467 | D:6      | Reached skill level 7 in Spellcasting
  5780 | D:7      | Reached * piety under Qazlal
  5899 | D:7      | Noticed Pikel
  5999 | D:7      | Found Geusuenei's Magic Scroll Emporium.
  6010 | D:7      | Reached skill level 8 in Spellcasting
  6266 | D:7      | Killed Pikel
  6266 | D:7      | Reached XP level 9. HP: 45/45 MP: 20/23
  6390 | D:8      | Reached skill level 9 in Spellcasting
  6555 | D:8      | Found a transporter.
  6567 | D:8      | Noticed KristianNielsen's ghost (novice HOBe)
  6574 | D:8      | Noticed a two-headed ogre
  6609 | D:8      | Found a transporter.
  6623 | D:8      | Killed a two-headed ogre
  6873 | D:8      | Learned a level 4 spell: Force Lance
  6910 | D:8      | Noticed Grum
  7056 | D:8      | Found a radiant altar of Vehumet.
  7061 | D:8      | Reached skill level 10 in Spellcasting
  7074 | D:8      | Reached skill level 1 in Fighting
  7377 | D:8      | Reached ** piety under Qazlal
  7603 | D:8      | Found a staircase to the Lair.
  7657 | D:8      | Reached skill level 10 in Conjurations
  7793 | Lair:1   | Entered Level 1 of the Lair of Beasts
  7793 | Lair:1   | Noticed a komodo dragon
  7800 | Lair:1   | Killed a komodo dragon
  7800 | Lair:1   | Reached XP level 10. HP: 53/53 MP: 11/26
  7989 | Lair:1   | Noticed a spiny frog
  7997 | Lair:1   | Killed a spiny frog
  7997 | Lair:1   | Reached skill level 10 in Dodging
  8262 | Lair:1   | Noticed a spiny frog
  8268 | Lair:1   | Killed a spiny frog
  8268 | Lair:1   | Reached skill level 11 in Spellcasting
  8617 | Lair:1   | Noticed a lindwurm
  8617 | Lair:1   | Noticed a dire elephant
  8626 | Lair:1   | Noticed an elephant
  8635 | Lair:1   | Found a runed translucent door.
  8980 | Lair:2   | Noticed a spiny frog
  9015 | Lair:2   | Noticed a spiny frog
  9016 | Lair:2   | Noticed a spiny frog
  9080 | Lair:2   | Noticed a black mamba
  9177 | Lair:1   | Killed a spiny frog
  9405 | Lair:2   | Noticed a black mamba
  9405 | Lair:2   | Noticed a black mamba
  9641 | Lair:2   | Killed a spiny frog
  9643 | Lair:2   | Killed a black mamba
  9702 | Lair:2   | Killed a black mamba
  9702 | Lair:2   | Reached XP level 11. HP: 60/61 MP: 21/28
  9929 | Lair:2   | Reached skill level 12 in Spellcasting
 10310 | Lair:2   | Noticed a five-headed hydra
 10586 | Lair:2   | Found a staircase to the Snake Pit.
 10717 | Lair:2   | Killed a five-headed hydra
 10717 | Lair:2   | Reached skill level 5 in Fighting
 10911 | Lair:3   | Reached *** piety under Qazlal
 10987 | Lair:3   | Noticed a seven-headed hydra
 10987 | Lair:3   | Noticed a six-headed hydra
 11248 | Lair:3   | Killed a six-headed hydra
 11248 | Lair:3   | Reached skill level 1 in Invocations
 11290 | Lair:3   | HP: 3/64 [hippogriff (1)]
 11290 | Lair:3   | Slain by a hippogriff

Skill      XL: |  1  2  3  4  5  6  7  8  9 10 11 |
---------------+----------------------------------+-----
Dodging        | 3 4 5 6 8 9 10 11 | 11.8
Spellcasting   | 4 5 6 8 10 11 12 | 12.7
Conjurations   | 5 6 7 8 10 11 | 11.8
Hexes          | 2 4 |  4.0
Fighting       | 2 4 5 |  5.5
Invocations    | 1 |  1.3
Stealth        | |  2.4

Action                   |  1- 3 |  4- 6 |  7- 9 | 10-12 || total
-------------------------+-------+-------+-------+-------++-------
Melee: Flail             |       |       |       |     1 ||     1
 Cast: Magic Dart        |    67 |   169 |   180 |    13 ||   429
       Dazzling Spray    |       |     6 |    55 |    32 ||    93
       Iskenderun's Myst |       |     5 |    31 |    58 ||    94
       Force Lance       |       |       |     8 |    16 ||    24
       Fulminant Prism   |       |       |       |   107 ||   107
Invok: Upheaval          |       |       |       |     1 ||     1
  Use: Scroll            |       |       |     9 |     5 ||    14
       Potion            |       |       |     1 |     3 ||     4
 Stab: Invisible         |       |       |     1 |       ||     1
  Eat: Chunk             |       |     7 |    10 |     4 ||    21
       Ration            |       |     1 |     1 |     2 ||     4
Armor: Robe              |     1 |     1 |     3 |    13 ||    18
Dodge: Dodged            |     7 |    28 |    54 |   119 ||   208
       Deflected         |       |     1 |    10 |     3 ||    14
Block: Other             |       |       |     4 |    18 ||    22
       Rpst.: Long sword |       |       |     5 |       ||     5
